 Dungeon Sprint DCSS version 0.17.2-1-ge4368a0 (webtiles) character file.

106 mopl the Covert (level 4, 7/22 HPs)
             Began as a Spriggan Assassin on Aug 23, 2016.
             Quit the game in the Dungeon (Sprint VII: "The Pits").
             The game lasted 00:00:43 (110 turns).

mopl the Covert (Spriggan Assassin)                  Turns: 110, Time: 00:00:43

Health: 7/22       AC:  3    Str:  7    XL:     4   Next: 55%
Magic:  5/5        EV: 17    Int: 12    God:
Gold:   0          SH:  0    Dex: 18    Spells: 0 memorised, 3 levels left

rFire  . . .     SeeInvis +     a - +2 dagger
rCold  . . .     Clarity  .     c - +0 robe
rNeg   . . .     SustAt   .     (shield restricted)
rPois  .         Gourm    .     (helmet restricted)
rElec  .         Spirit   .     d - +0 cloak
rCorr  .         Warding  .     (gloves unavailable)
rMut   .         NoTele   +     (boots unavailable)
MR     .....                    (no amulet)
Stlth  +++++.....               (no ring)
                                (no ring)

@: very quick, not resistant to hostile enchantments, quite stealthy
A: unfitting armour, see invisible, herbivore 3, speed 3, slow metabolism 2
a: no special abilities


You were in the Dungeon.
You were not hungry.

You visited 1 branch

Inventory:

Hand Weapons
 a - a +2 dagger (weapon)
 b - a +0 blowgun
Missiles
 e - 8 poisoned needles
 f - 2 curare-tipped needles
Armour
 c - a +0 robe (worn)
 d - a +0 cloak (worn)
Scrolls
 m - a scroll of blinking
Potions
 h - a potion of curing
 i - a potion of heal wounds
 j - a potion of haste
 k - 2 potions of magic
Comestibles
 g - a bread ration


   Skills:
 - Level 1.5 Fighting
 - Level 2.1 Short Blades
 * Level 7.7 Throwing
 - Level 1.5 Dodging
 + Level 10.0 Stealth


You had 3 spell levels left.
You didn't know any spells.

Dungeon Overview and Level Annotations

Branches:
Dungeon (1/1)

Altars:

Annotations:
D Terence


Innate Abilities, Weirdness & Mutations

You are tiny and cannot use many weapons and most armour.
You have supernaturally acute eyesight.
You are a herbivore.
You cover ground extremely quickly.
You need consume almost no food.


Message History

The gnoll is heavily wounded.
You hit the gnoll but do no damage.
The gnoll is heavily wounded.
The gnoll completely misses you.
You hit the gnoll but do no damage.
The gnoll is heavily wounded.
The gnoll completely misses you.
The gnoll shouts!
You hit the gnoll.
The gnoll is severely wounded.
The white imp misses you. The gnoll barely misses you.
A centaur comes into view.
The centaur shouts!
You hit the gnoll.
The gnoll is severely wounded.
The gnoll hits you from afar with an enchanted spear.
The white imp hits you. The white imp freezes you.
The gnoll hits you but does no damage.
Terence the Incautious comes into view.
He is wielding a falchion.
Are you sure you want to abandon this character and quit the game? (Confirm with "yes".)

#######'#####.....
#....g......'.....
#'#####'#####.....
#.#)..#†# #.....
#.#..†#g# ####'#
#.#...'.# #.....
#.##g#### #.....
#g#.r...# #.....
#@#.....# #...<.
#5#....h...##.....
#g#........##.....
#'###########.....
#..# ###### #c...
##g#.# .@.g.
.#.#g#


You could see a centaur, Terence (wandering), 3 gnolls and a white imp.

Vanquished Creatures
  A brain worm (D)
  A worker ant (D)
  An adder (D)
  A ball python (D)
  A bat zombie (D)
  A kobold (D)
6 creatures vanquished.

Notes
Turn   | Place    | Note
--------------------------------------------------------------
     0 | D        | mopl the Spriggan Assassin began the quest for the Orb.
     0 | D        | Reached XP level 1. HP: 10/10 MP: 2/2
    26 | D        | Reached skill level 4 in Throwing
    26 | D        | Reached skill level 7 in Stealth
    26 | D        | Reached XP level 2. HP: 14/14 MP: 3/3
    30 | D        | Noticed a brain worm
    38 | D        | Killed a brain worm
    38 | D        | Reached skill level 7 in Throwing
    38 | D        | Reached skill level 9 in Stealth
    38 | D        | Reached XP level 3. HP: 18/18 MP: 4/4
    38 | D        | Reached XP level 4. HP: 22/22 MP: 5/5
    65 | D        | Noticed a worker ant
    66 | D        | Killed a worker ant
    66 | D        | Reached skill level 10 in Stealth
    72 | D        | Noticed a warg
    98 | D        | Noticed a brain worm
   100 | D        | Noticed a gnoll sergeant
   109 | D        | Noticed a centaur
   110 | D        | Noticed Terence
   110 | D        | Quit the game

Action                   |  1- 3 |  4- 6 || total
-------------------------+-------+-------++-------
Melee: Dagger            |     7 |    10 ||    17
  Use: Potion            |     1 |       ||     1
 Stab: Sleeping          |     1 |     3 ||     4
